TOP OF THE 1ST |
---|
Salem Sledgehammers batting - Pitching for Eau Claire Esquires : RHP Dave Martin | Pitching: RHP Dave Martin | | Batting: RHB Randall Luna | 0-0: Foul Ball, location: 2F 0-1: Ball 1-1: Ball 2-1: Swinging Strike 2-2: SINGLE (Line Drive, 7LS) | Batting: LHB Gabriel Estrada | 0-0: Ball 1-0: Called Strike 1-1: Ball Randall Luna is caught stealing 2nd base 2-1: Fly out, F8 (Flyball, 8LD) | Batting: RHB Rickey Núñez | 0-0: Ball 1-0: Fly out, F9 (Flyball, 9) | Top of the 1st over - 0 runs, 1 hit, 0 errors, 0 left on base; Salem 0 - Eau Claire 0 | BOTTOM OF THE 1ST |
---|
Eau Claire Esquires batting - Pitching for Salem Sledgehammers : LHP Salvador Pérez | Pitching: LHP Salvador Pérez | | Batting: SHB Darren Campbell | 0-0: Called Strike 0-1: Ground out 3-1 (Groundball, 34S) | Batting: LHB Johnny Foley | 0-0: Called Strike 0-1: Ball 1-1: Ground out 4-3 (Groundball, 4) | Batting: RHB Jesús Ramos | 0-0: Called Strike 0-1: Ball 1-1: Ball 2-1: Ground out 4-3 (Groundball, 4S) | Bottom of the 1st over - 0 runs, 0 hits, 0 errors, 0 left on base; Salem 0 - Eau Claire 0 | TOP OF THE 2ND |
---|
Salem Sledgehammers batting - Pitching for Eau Claire Esquires : RHP Dave Martin | Batting: LHB José Guillén | 0-0: Ball 1-0: Ball 2-0: Ball 3-0: Called Strike 3-1: Base on Balls | Batting: LHB Gary Cahill | 0-0: Ball 1-0: Foul Ball, location: 2F 1-1: Ball 2-1: Ball José Guillén steals 2nd base 3-1: Swinging Strike 3-2: Strikes out swinging | Batting: SHB Carlos Ramírez | 0-0: Ball 1-0: Ground out 6-3 (Groundball, 6D) José Guillén to third | Batting: RHB Lakota O'Reilly | 0-0: Ball 1-0: Ball 2-0: Ball 3-0: Base on Balls | Batting: RHB Steve West | 0-0: Foul Ball, location: 2F 0-1: SINGLE (Line Drive, 4MD) José Guillén scores Lakota O'Reilly to second | Batting: SHB Manuel Jiménez | 0-0: Called Strike 0-1: Ball 1-1: Foul Ball, location: 2F 1-2: Ball 2-2: Strikes out swinging | Top of the 2nd over - 1 run, 1 hit, 0 errors, 2 left on base; Salem 1 - Eau Claire 0 | BOTTOM OF THE 2ND |
---|
Eau Claire Esquires batting - Pitching for Salem Sledgehammers : LHP Salvador Pérez | Batting: RHB Luis Cherena | 0-0: Foul Ball, location: 2F 0-1: Ball 1-1: Foul Ball, location: 2F 1-2: Ball 2-2: Ball 3-2: Foul Ball, location: 2F 3-2: SINGLE (Groundball, 56D) | Batting: RHB Terry Perkins | 0-0: Ball 1-0: Ball Luis Cherena is caught stealing 2nd base 2-0: Ground out 6-3 (Groundball, 6M) | Batting: RHB Jonathan Jackson | 0-0: Ball 1-0: SINGLE (Line Drive, 4) | Batting: LHB Steve Arnold | 0-0: Called Strike 0-1: Swinging Strike 0-2: Foul Ball, location: 2F 0-2: Foul Ball, location: 2F 0-2: Ball 1-2: Foul Ball, location: 2F 1-2: Strikes out looking | Bottom of the 2nd over - 0 runs, 2 hits, 0 errors, 1 left on base; Salem 1 - Eau Claire 0 | TOP OF THE 3RD |
---|
Salem Sledgehammers batting - Pitching for Eau Claire Esquires : RHP Dave Martin | Batting: RHB Randall Luna | 0-0: Ball 1-0: Bunt for hit - play at first, batter OUT! 1-3 | Batting: LHB Gabriel Estrada | 0-0: Called Strike 0-1: Swinging Strike 0-2: Fly out, F7 (Flyball, 78S) | Batting: RHB Rickey Núñez | 0-0: Called Strike 0-1: Ground out 6-3 (Groundball, 6) | Top of the 3rd over - 0 runs, 0 hits, 0 errors, 0 left on base; Salem 1 - Eau Claire 0 | BOTTOM OF THE 3RD |
---|
Eau Claire Esquires batting - Pitching for Salem Sledgehammers : LHP Salvador Pérez | Batting: RHB Kyle McIntyre | 0-0: SINGLE (Line Drive, 8LS) | Batting: RHB Chet White | 0-0: Swinging Strike 0-1: Ball 1-1: Foul Ball, location: 2F 1-2: Foul Ball, location: 2F 1-2: Strikes out swinging | Pitching: RHP Luis Rosado | | Batting: SHB Darren Campbell | 0-0: Ball 1-0: Called Strike 1-1: Ball 2-1: Called Strike 2-2: Strikes out swinging | Batting: LHB Johnny Foley | 0-0: Called Strike 0-1: Foul Ball, location: 2F 0-2: Strikes out swinging | Bottom of the 3rd over - 0 runs, 1 hit, 0 errors, 1 left on base; Salem 1 - Eau Claire 0 | TOP OF THE 4TH |
---|
Salem Sledgehammers batting - Pitching for Eau Claire Esquires : RHP Dave Martin | Batting: LHB José Guillén | 0-0: Ball 1-0: Called Strike 1-1: Called Strike 1-2: Strikes out swinging | Batting: LHB Gary Cahill | 0-0: SINGLE (Line Drive, 4) | Batting: SHB Carlos Ramírez | 0-0: Called Strike 0-1: Called Strike 0-2: Ball 1-2: Foul Ball, location: 2F 1-2: Fielders Choice at 2nd, 5-4 (Groundball, 5) | Batting: RHB Lakota O'Reilly | 0-0: Ball Carlos Ramírez is caught stealing 2nd base | Top of the 4th over - 0 runs, 1 hit, 0 errors, 0 left on base; Salem 1 - Eau Claire 0 | BOTTOM OF THE 4TH |
---|
Eau Claire Esquires batting - Pitching for Salem Sledgehammers : RHP Luis Rosado | Batting: RHB Jesús Ramos | 0-0: Ball 1-0: Swinging Strike 1-1: Ball 2-1: Called Strike 2-2: Ball 3-2: Foul Ball, location: 2F 3-2: SINGLE (Line Drive, 9LS) | Batting: RHB Luis Cherena | 0-0: Swinging Strike 0-1: Foul Ball, location: 2F 0-2: Ball 1-2: Ball 2-2: Foul Ball, location: 2F 2-2: Strikes out looking Jesús Ramos steals 2nd base Batter strikes out. | Batting: RHB Terry Perkins | 0-0: Foul Ball, location: 2F 0-1: Ground out 5-3 (Groundball, 56S) Jesús Ramos to third | Batting: RHB Jonathan Jackson | 0-0: Ball 1-0: Ball 2-0: Ground out 4-3 (Groundball, 34D) | Bottom of the 4th over - 0 runs, 1 hit, 0 errors, 1 left on base; Salem 1 - Eau Claire 0 | TOP OF THE 5TH |
---|
Salem Sledgehammers batting - Pitching for Eau Claire Esquires : RHP Dave Martin | Batting: RHB Lakota O'Reilly | 0-0: Foul Ball, location: 2F 0-1: Swinging Strike 0-2: Strikes out swinging | Batting: RHB Steve West | 0-0: Called Strike 0-1: Foul Ball, location: 2F 0-2: Ball 1-2: Ball 2-2: Ground out 6-3 (Groundball, 6S) | Batting: SHB Manuel Jiménez | 0-0: Foul Ball, location: 2F 0-1: Called Strike 0-2: Ball 1-2: Strikes out swinging | Top of the 5th over - 0 runs, 0 hits, 0 errors, 0 left on base; Salem 1 - Eau Claire 0 | BOTTOM OF THE 5TH |
---|
Eau Claire Esquires batting - Pitching for Salem Sledgehammers : RHP Luis Rosado | Batting: LHB Steve Arnold | 0-0: Fly out, F8 (Flyball, 8RM) | Batting: RHB Kyle McIntyre | 0-0: Called Strike 0-1: Ball 1-1: Swinging Strike 1-2: Foul Ball, location: 2F 1-2: Ball 2-2: Ball 3-2: Foul Ball, location: 2F 3-2: DOUBLE (Line Drive, 9LM) | Batting: RHB Chet White | 0-0: Ground out 5-3 (Groundball, 25) Kyle McIntyre to third | Batting: SHB Darren Campbell | 0-0: Ground out 1-3 (Groundball, P) | Bottom of the 5th over - 0 runs, 1 hit, 0 errors, 1 left on base; Salem 1 - Eau Claire 0 | TOP OF THE 6TH |
---|
Salem Sledgehammers batting - Pitching for Eau Claire Esquires : RHP Dave Martin | Batting: RHB Randall Luna | 0-0: Called Strike 0-1: Ball 1-1: Ball 2-1: Foul Ball, location: 2F 2-2: Strikes out swinging | Batting: LHB Gabriel Estrada | 0-0: Ball 1-0: Ball 2-0: Ball 3-0: Base on Balls | Batting: RHB Rickey Núñez | 0-0: Called Strike Gabriel Estrada is caught stealing 2nd base 0-1: SINGLE (Line Drive, 78S) | Batting: LHB José Guillén | 0-0: Ball Rickey Núñez steals 2nd base 1-0: SINGLE (Groundball, 6D) Rickey Núñez to third Runner from 3rd tries for Home, throw and OUT! | Top of the 6th over - 0 runs, 2 hits, 0 errors, 1 left on base; Salem 1 - Eau Claire 0 | BOTTOM OF THE 6TH |
---|
Eau Claire Esquires batting - Pitching for Salem Sledgehammers : RHP Luis Rosado | Batting: LHB Johnny Foley | 0-0: Swinging Strike 0-1: Ball 1-1: Foul Ball, location: 2F 1-2: Strikes out swinging | Batting: RHB Jesús Ramos | 0-0: Ball 1-0: Foul Ball, location: 2F 1-1: Swinging Strike 1-2: Strikes out swinging | Batting: RHB Luis Cherena | 0-0: Ball 1-0: Ball 2-0: Called Strike 2-1: Ball 3-1: Swinging Strike 3-2: Base on Balls | Batting: RHB Terry Perkins | 0-0: Ball 1-0: Called Strike 1-1: Foul Ball, location: 2F 1-2: Fly out, F4 (Popup, 4S) | Bottom of the 6th over - 0 runs, 0 hits, 0 errors, 1 left on base; Salem 1 - Eau Claire 0 | TOP OF THE 7TH |
---|
Salem Sledgehammers batting - Pitching for Eau Claire Esquires : RHP Dave Martin | Batting: LHB Gary Cahill | 0-0: Ball 1-0: Fly out, F6 (Popup, 6S) | Batting: SHB Carlos Ramírez | 0-0: Ball 1-0: Ground out 4-3 (Groundball, 4S) | Batting: RHB Lakota O'Reilly | 0-0: Ball 1-0: Called Strike 1-1: Swinging Strike 1-2: Fly out, F9 (Flyball, 9S) | Top of the 7th over - 0 runs, 0 hits, 0 errors, 0 left on base; Salem 1 - Eau Claire 0 | BOTTOM OF THE 7TH |
---|
Eau Claire Esquires batting - Pitching for Salem Sledgehammers : RHP Luis Rosado | Batting: RHB Jonathan Jackson | 0-0: Ball 1-0: Ball 2-0: Foul Ball, location: 2F 2-1: Swinging Strike 2-2: Strikes out looking | Pitching: LHP Juan Cervantes | | Batting: LHB Steve Arnold | 0-0: Ground out 6-3 (Groundball, 6) | Pitching: LHP John Dyer | | Batting: RHB Kyle McIntyre | 0-0: Called Strike 0-1: Ball 1-1: Swinging Strike 1-2: Foul Ball, location: 2F 1-2: Foul Ball, location: 2F 1-2: Foul Ball, location: 2F 1-2: Ball 2-2: Ball 3-2: Base on Balls | Batting: RHB Chet White | 0-0: Ball 1-0: Ball Kyle McIntyre is caught stealing 2nd base | Bottom of the 7th over - 0 runs, 0 hits, 0 errors, 0 left on base; Salem 1 - Eau Claire 0 | TOP OF THE 8TH |
---|
Salem Sledgehammers batting - Pitching for Eau Claire Esquires : RHP Dave Martin | Pitching: LHP Tom Hale | | Batting: RHB Steve West | 0-0: Ball 1-0: Fly out, F8 (Flyball, 8RD) | Batting: SHB Manuel Jiménez | 0-0: Ball 1-0: Fly out, F9 (Flyball, 89D) | Batting: RHB Randall Luna | 0-0: Called Strike 0-1: Foul Ball, location: 2F 0-2: SINGLE (Line Drive, 6M) | Pinch Hitting: RHB Rich Crabtree | 0-0: Called Strike 0-1: Ball 1-1: Foul Ball, location: 2F 1-2: Foul Ball, location: 2F 1-2: Ball 2-2: Strikes out swinging | Top of the 8th over - 0 runs, 1 hit, 0 errors, 1 left on base; Salem 1 - Eau Claire 0 | BOTTOM OF THE 8TH |
---|
Eau Claire Esquires batting - Pitching for Salem Sledgehammers : LHP John Dyer | Now in CF: Jake Belcher | | Batting: RHB Chet White | 0-0: Called Strike 0-1: Ball 1-1: Ground out 5-3 (Groundball, 5) | Batting: SHB Darren Campbell | 0-0: Ball 1-0: Called Strike 1-1: Ground out U3 (Groundball, 3) | Batting: LHB Johnny Foley | 0-0: Hit by Pitch | Pitching: RHP Clay White | | Batting: RHB Jesús Ramos | 0-0: Ball 1-0: Called Strike 1-1: Called Strike 1-2: SINGLE (Line Drive, 56) Johnny Foley to second | Pinch Hitting: LHB Brian Easdale | 0-0: Foul Ball, location: 2F 0-1: Ball 1-1: Called Strike 1-2: DOUBLE (Flyball, 89D) Johnny Foley scores Jesús Ramos to third | Batting: RHB Terry Perkins | 0-0: Intentional Walk | Pinch Hitting: LHB António Chávez | 0-0: Foul Ball, location: 2F 0-1: Ball 1-1: Called Strike 1-2: Ball 2-2: Ball 3-2: Foul Ball, location: 2F 3-2: Base on Balls Jesús Ramos scores Brian Easdale to third Terry Perkins to second | Batting: LHB Steve Arnold | 0-0: Foul Ball, location: 2F 0-1: Foul Ball, location: 2F 0-2: Ball 1-2: Ball 2-2: Ball 3-2: Foul Ball, location: 2F 3-2: Foul Ball, location: 2F 3-2: Base on Balls Brian Easdale scores Terry Perkins to third António Chávez to second | Batting: RHB Kyle McIntyre | 0-0: Ball 1-0: Fielders Choice at 2nd, 6-4 (Groundball, 6) | Bottom of the 8th over - 3 runs, 2 hits, 0 errors, 3 left on base; Salem 1 - Eau Claire 3 | TOP OF THE 9TH |
---|
Salem Sledgehammers batting - Pitching for Eau Claire Esquires : LHP Tom Hale | Now at 3B: Jorge Garza | | Now in RF: Jackson Smith | | Batting: RHB Rickey Núñez | 0-0: SINGLE (Groundball, 34D) | Batting: LHB José Guillén | 0-0: Ball 1-0: SINGLE (Line Drive, 7S) Rickey Núñez to second | Pinch Hitting: RHB John Burton | 0-0: SINGLE (Line Drive, 89M) Rickey Núñez to third José Guillén to second | Batting: SHB Carlos Ramírez | 0-0: Fly out, F8 (Flyball, 8LD) | Batting: RHB Lakota O'Reilly | 0-0: Called Strike 0-1: Ball 1-1: Foul Ball, location: 2F 1-2: Strikes out swinging | Batting: RHB Steve West | 0-0: Ball 1-0: Ground out 6-3 (Groundball, 6MD) | Top of the 9th over - 0 runs, 3 hits, 0 errors, 3 left on base; Salem 1 - Eau Claire 3 | |